 Dungeon Crawl Stone Soup version 0.31-a0-844-gdc52ec4e09 (webtiles) character file.

Game seed: 11151675041360874601

24 Kurtz the Chopper (level 3, -4/26 HPs)
             Began as an Octopode Fighter on Sept 29, 2023.
             Slain by a gnoll
             ... wielding a +0 spear
              (6 damage)
             ... on level 2 of the Dungeon.
             The game lasted 00:00:37 (576 turns).

Kurtz the Chopper (Octopode Fighter)                 Turns: 576, Time: 00:00:37

Health: -4/26      AC:  1    Str: 15    XL:     3   Next: 2%
Magic:  3/3        EV: 13    Int: 10    God:
Gold:   81         SH:  4    Dex: 13    Spells: 2/2 levels left

rFire   . . .        a - +0 war axe
rCold   . . .        b - +0 buckler
rNeg    . . .        (helmet restricted)
rPois   .            (no amulet)
rElec   .            (no ring)
rCorr   .            (no ring)
SInv    .            (no ring)
Will    .....        (no ring)
Stlth   ++           (no ring)
HPRegen 0.24/turn    (no ring)
MPRegen 0.08/turn    (no ring)
                     (no ring)

%: no passive effects
@: mighty
A: almost no armour, amphibious, 8 rings, camouflage 1, gelatinous body 1,
(nimble swimmer 1), tentacles
a: no special abilities


You were on level 2 of the Dungeon.
You visited 1 branch of the dungeon, and saw 2 of its levels.

You collected 81 gold pieces.

Inventory:

Hand Weapons
 a - a +0 war axe (weapon)
Armour
 b - a +0 buckler (worn)
Jewellery
 k - a ring of willpower
Scrolls
 d - a scroll of fear {unknown}
 e - a scroll of brand weapon {unknown}
 g - a scroll of enchant armour {unknown}
 i - a scroll of identify {unknown}
Potions
 f - a potion of lignification {unknown}
 h - a potion of heal wounds {unknown}
 j - a potion of attraction {unknown}
 l - a potion of curing {unknown}


   Skills:
 - Level 3.0 Fighting
 * Level 3.4 Axes
 - Level 3.0 Dodging
 - Level 3.0 Shields


You had 2 spell levels left.
You didn't know any spells.
Your spell library was empty.

Dungeon Overview and Level Annotations

Branches:
Dungeon (2/15)

Altars:


Innate Abilities, Weirdness & Mutations

You cannot wear most types of armour.
You are amphibious.
You can wear up to eight rings at the same time.
Your skin changes colour to match your surroundings (Stealth+).
Your rubbery body absorbs attacks. (AC +1, EV +1)
((You are camouflaged when in or above water. (Stealth+)))
You have tentacles for arms and can constrict up to eight enemies at once.


Message History

HP restored.
Key pressed, stopping explore.
No target in view!
Key pressed, stopping explore.
No target in view!
No target in view!
You open the door.
There is an open door here.
A gnoll comes into view. It is wielding a +0 spear.
Found 10 gold pieces.
A gnoll comes into view. It is wielding a +0 flail.
There are monsters nearby!
A gnoll comes into view. It is wielding a +0 halberd.
Found a short sword.
The gnoll shouts! x2
There are monsters nearby!
There are monsters nearby!
The gnoll shouts!
The gnoll barely misses you.
There are monsters nearby!
You hit the gnoll but do no damage. You grab the gnoll.
You constrict the gnoll.
The gnoll hits you from afar with a +0 halberd!
The gnoll hits you with a +0 spear.
Unknown command.
You feel very mighty all of a sudden.
You constrict the gnoll, but do no damage.
The gnoll barely misses you. The gnoll misses you.
You block the gnoll's attack.
You barely miss the gnoll. You grab the gnoll. You hit the gnoll.
You constrict the gnoll, but do no damage. x2
You block the gnoll's attack. The gnoll closely misses you.
The gnoll escapes!
Unknown command.
You release your grip on the gnoll.
Found a cyan potion.
You block the gnoll's attack. The gnoll barely misses you. x2
The gnoll hits you with a +0 halberd!
Ouch! That really hurt!
* * * LOW HITPOINT WARNING * * *
The gnoll hits you with a +0 spear.
You die...

#............###......
#................#...#
#..............$##.
#..................
########........# .
#..........####..
#................
#........g.......
#.......gg@.....#
#.........$.....#
#.......#.........
#.......#.......!.
#....)............
#.................
.................
..#.........


You could see 3 gnolls.

Vanquished Creatures
  A dart slug (D:1)
  2 ball pythons (D:1)
  2 bats (D:1)
  2 endoplasms
  A giant cockroach (D:1)
  3 hobgoblins
  3 goblins (D:1)
  A kobold (D:2)
  6 rats (D:1)
21 creatures vanquished.

Notes
Turn   | Place    | Note
-------+----------+-------------------------------------------
     0 | D:1      | Kurtz the Octopode Fighter began the quest for the Orb.
     0 | D:1      | Reached XP level 1. HP: 16/16 MP: 1/1
   110 | D:1      | Reached XP level 2. HP: 21/21 MP: 2/2
   518 | D:2      | Reached XP level 3. HP: 21/26 MP: 3/3
   576 | D:2      | Slain by a gnoll

Illustrated notes

Levels and vault maps discovered:
D:1:      dpeg_arrival_pits, layout_rooms
D:2:      layout_basic, st_stairs_13

Skill      XL: |  1  2 |
---------------+-------+-----
Axes           | 3 |  3.4
Fighting       | |  3.0
Dodging        | |  3.0
Shields        | |  3.0

Action                     || total
---------------------------++-------
  Melee: War axe           ||    37
         Constrict         ||    11
         Tentacles         ||     5
    Use: Potion            ||     1
   Stab: Sleeping          ||     5
 Armour: Skin              ||    16
  Dodge: Dodged            ||    25
  Block: Buckler           ||    10

Table legend: (Time is in decaauts)
 A = Elapsed time spent in this place.
 B = Non-inter-level travel time spent in this place.
 C = Inter-level travel time spent in this place.
 D = Time resting spent in this place.
 E = Time spent auto-exploring this place.
 F = Levels seen in this place.
 G = Mean time per level.
                   A        B        C        D        E       F      G
               +--------+--------+--------+--------+--------+-----+--------+
         Total |    590 |    582 |      8 |      0 |    442 |   2 |  295.0 |
       Dungeon |    590 |    582 |      8 |      0 |    442 |   2 |  295.0 |
               +--------+--------+--------+--------+--------+-----+--------+

Top non-repeatable levels by time:
     D:1: 506 daAuts
     D:2: 84 daAuts
